 Dungeon Crawl Stone Soup version 0.28-a0-556-gab23d0e057 (webtiles) character file.

Game seed: 13669471031992195990

167 RepHenryClay the Conjurer (level 5, 0/28 HPs)
             Began as a Deep Elf Fire Elementalist on Sept 28, 2021.
             Slain by an orc priest (6 damage)
             ... on level 3 of the Dungeon.
             The game lasted 00:07:16 (3130 turns).

RepHenryClay the Conjurer (DEFE)                    Turns: 3130, Time: 00:07:17

Health: 0/28       AC:  2    Str:  5    XL:     5   Next: 23%
Magic:  5/11       EV: 13    Int: 21    God:
Gold:   100        SH:  0    Dex: 21    Spells: 3/10 levels left

rFire   . . .      SeeInvis .   (no weapon)
rCold   . . .      Faith    .   (no shield)
rNeg    . . .      Spirit   .   a - +0 robe
rPois   .          Reflect  .   (no helmet)
rElec   .          Harm     .   (no cloak)
rCorr   .          Rampage  .   (no gloves)
Will    .....                   (no boots)
Stlth   ++........              (no amulet)
HPRegen 0.09/turn               b - +6 ring of dexterity
MPRegen 0.12/turn               (no ring)

@: on berserk cooldown, attractive, slowed, studying Fighting, very slow
A: no striking features
a: no special abilities


You were on level 3 of the Dungeon.
You visited 1 branch of the dungeon, and saw 4 of its levels.

You collected 100 gold pieces.

Inventory:

Armour
 a - a +0 robe (worn)
Jewellery
 b - a +6 ring of dexterity (left hand)
 i - a +6 ring of strength
 j - an amulet of faith
Scrolls
 c - a scroll of silence {unknown}
 e - 2 scrolls of identify {unknown}
 g - 4 scrolls of teleportation
 l - a scroll of vulnerability {unknown}
 o - a scroll of blinking {unknown}
Potions
 d - a potion of cancellation {unknown}
 f - a potion of attraction
 h - a potion of haste {unknown}
 k - a potion of heal wounds


   Skills:
 - Level 2.4 Dodging
 - Level 2.4 Stealth
 - Level 3.0 Spellcasting
 + Level 5.3 Conjurations
 + Level 3.8 Fire Magic


You had 3 spell levels left.
You knew the following spells:

 Your Spells              Type           Power      Damage    Failure   Level
a - Foxfire               Conj/Fire      88%        2x1d8     1%          1
b - Scorch                Fire           38%        2d7       4%          2
c - Flame Wave            Conj/Fire      22%        3d6       21%         4

Your spell library contained the following spells:

 Spells                   Type           Power      Damage    Failure   Level
 Magic Dart               Conj           100%       1d8       1%          1
 Searing Ray              Conj           50%        2d6       2%          2
 Conjure Flame            Conj/Fire      22%        6-21      6%          3
 Inner Flame              Hex/Fire       11%        N/A       19%         3
 Fulminant Prism          Conj/Hex       7%         3d7       41%         4
 Summon Lightning Spire   Summ/Air       3%         N/A       78%         4
 Storm Form               Tmut/Air       1%         N/A       100%        7
 Maxwell's Capacitive Co  Air            1%         ∞         100%        8


Dungeon Overview and Level Annotations

Branches:
Dungeon (4/15)
 Temple: D:4-7

Altars:
Nemelex Xobeh
Wu Jian

Shops:
D:2 [


Message History

You are more confused.
You feel a strong urge to attack something.
Something hits you.
Damage: -4%(-2hp) hp: 89%(37hp)
You feel your anger nearly subside.
You hear some strange, mumbled words.
You are more confused.
You are no longer berserk.
You are exhausted.
You feel yourself slow down.
Huge Dmg: -43%(-12hp) hp: 90%(25hp)
Okay, then.
It was a potion of curing.
You feel better. Something hits you but does no damage.
Casting: Foxfire (safe; 2% risk of failure)
Confirm with . or Enter, or press ? or * to list all spells.
Flames lash something.
Reactivating autopickup.
You feel a bit more experienced.
An orc priest comes into view. It is wielding a +0 flail.
The orc priest is attracted toward you.
Casting: Scorch (safe; 4% risk of failure)
Confirm with . or Enter, or press ? or * to list all spells.
Flames lash the orc priest.
The orc priest is lightly wounded.
The orc priest's fire resistance burns away.
The orc priest invokes the aid of Beogh against you.
Pain shoots through your body!
The orc priest mumbles some strange prayers to Beogh against you.
Beogh smites you!
Ouch! That really hurt!
* * * LOW HITPOINT WARNING * * *
You hear a shout!
Huge Dmg: -78%(-22hp) hp: 22%(6hp)
Casting: Scorch (safe; 4% risk of failure)
Confirm with . or Enter, or press ? or * to list all spells.
Flames lash the orc priest.
The orc priest is burned terribly!
The orc priest is severely wounded.
The orc priest hits you with a +0 flail.
You die...

..# # #.# #.
#.# #.###.#
#.§..#
#.##..# #.)#
#)o######
#..@....#
#.......#
##......)#
..........#
####......#
#..#.#.######
#........[<.#
##.#.#.####.#
#.....# #.#


You could see an orc priest (combustible).

Vanquished Creatures
  An iguana (D:2)
  Jessica (D:2)
  An orc wizard (D:3)
  An adder (D:2)
  2 worms (D:2)
  2 dart slugs
  2 orcs (D:3)
  9 ball pythons
  5 bats
  6 endoplasms
  3 giant cockroaches (D:1)
  9 hobgoblins
  4 jackals (D:3)
  A quokka (D:1)
  3 frilled lizards (D:1)
  2 goblins
  6 kobolds
  10 rats
68 creatures vanquished.

Vanquished Creatures (collateral kills)
  4 foxfires (D:2)
4 creatures vanquished.

Vanquished Creatures (others)
  180 foxfires
180 creatures vanquished.

Grand Total: 252 creatures vanquished

Notes
Turn   | Place    | Note
-------+----------+-------------------------------------------
     0 | D:1      | RepHenryClay the Deep Elf Fire Elementalist began the quest
                  | for the Orb.
     0 | D:1      | Reached XP level 1. HP: 10/10 MP: 6/6
   168 | D:1      | Reached skill level 2 in Conjurations
   275 | D:1      | Reached XP level 2. HP: 12/15 MP: 4/8
   278 | D:1      | Learned a level 2 spell: Scorch
   693 | D:1      | Reached skill level 3 in Conjurations
  1158 | D:2      | Reached XP level 3. HP: 19/19 MP: 6/9
  1280 | D:2      | Found a faded altar of an unknown god.
  1352 | D:2      | Noticed Jessica
  1356 | D:2      | Killed Jessica
  1357 | D:2      | Reached skill level 4 in Conjurations
  1357 | D:2      | Reached XP level 4. HP: 24/24 MP: 5/10
  1664 | D:2      | Learned a level 4 spell: Flame Wave
  1823 | D:2      | Reached skill level 5 in Conjurations
  2064 | D:2      | Found Paduoh's Antique Armour Shoppe.
  2336 | D:3      | You fall into a shaft and drop 1 floor!
  2336 | D:4      | Noticed an ogre
  2623 | D:3      | Found a sparkling altar of Nemelex Xobeh.
  2804 | D:3      | Reached XP level 5. HP: 28/28 MP: 6/11
  3001 | D:3      | Found an ornate altar of the Wu Jian Council.
  3130 | D:3      | Slain by an orc priest

Illustrated notes

Levels and vault maps discovered:
D:1:      amcnicky_arrival_flooded_fountain, layout_loops_ring
D:2:      layout_loops_cross, dreamdust_ecumenical_altar_grove, serial_shops,
          nicolae_shop_competitors_out_of_business, uniq_jessica
D:3:      layout_loops_ring, mainiacjoe_overflow_catwalk,
          lemuel_coloured_pillars_altar
D:4:      layout_basic, minmay_temple_entry_purple_smoke

Skill      XL: |  1  2  3  4 |
---------------+-------------+-----
Conjurations   | 2 3 4 5 |  5.3
Dodging        | |  2.4
Stealth        | |  2.4
Spellcasting   | |  3.0
Fire Magic     | |  3.8

Action                   |  1- 3 |  4- 6 || total
-------------------------+-------+-------++-------
 Cast: Foxfire           |    52 |    60 ||   112
       Scorch            |     9 |    12 ||    21
  Use: Scroll            |       |     1 ||     1
       Potion            |       |     4 ||     4
Armor: Robe              |       |     3 ||     3
Dodge: Dodged            |    13 |     8 ||    21

Table legend: (Time is in decaauts)
 A = Elapsed time spent in this place.
 B = Non-inter-level travel time spent in this place.
 C = Inter-level travel time spent in this place.
 D = Time resting spent in this place.
 E = Time spent auto-exploring this place.
 F = Levels seen in this place.
 G = Mean time per level.
                   A        B        C        D        E       F      G
               +--------+--------+--------+--------+--------+-----+--------+
         Total |   3132 |   3085 |     47 |    568 |   2057 |   4 |  783.0 |
       Dungeon |   3132 |   3085 |     47 |    568 |   2057 |   4 |  783.0 |
               +--------+--------+--------+--------+--------+-----+--------+

Top non-repeatable levels by time:
     D:1: 1369 daAuts
     D:2: 905 daAuts
     D:3: 847 daAuts
     D:4: 9 daAuts
